 Dungeon Crawl Stone Soup version 0.25-a0-522-g2462c7b (webtiles) character file.

Game seed: 9962395701617953520, levelgen mode: deterministic

234 NeededCrab the Charmwright (level 6, -1/50 HPs)
             Began as a Gnoll Skald on Feb 18, 2020.
             Slain by an orc priest
             ... wielding a +0 dagger
              (3 damage)
             ... on level 3 of the Dungeon.
             The game lasted 00:12:59 (2938 turns).

NeededCrab the Charmwright (Gnoll Skald)            Turns: 2938, Time: 00:12:59

Health: -1/50      AC: 10    Str: 15    XL:     6   Next: 5%
Magic:  7/13       EV: 14    Int: 16    God:
Gold:   134        SH:  0    Dex: 14    Spells: 7/15 levels left

rFire    . . .     SeeInvis .   a - +0 falchion
rCold    . . .     Gourm    .   (no shield)
rNeg     . . .     Faith    .   b - +0 leather armour
rPois    .         Spirit   .   l - +0 helmet
rElec    .         Reflect  .   (no cloak)
rCorr    .         Harm     .   (no gloves)
MR       .....                  (no boots)
Stlth    ++........             (no amulet)
HPRegen  0.16/turn              (no ring)
MPRegen  0.13/turn              (no ring)

@: icy armour, singing
A: distributed training, fangs 1, strong nose
a: no special abilities


You were on level 3 of the Dungeon.
You were hungry.

You visited 1 branch of the dungeon, and saw 3 of its levels.

You collected 134 gold pieces.

Inventory:

Hand Weapons
 a - a +0 falchion (weapon)
Armour
 b - a +0 leather armour (worn)
 l - a +0 helmet (worn)
Jewellery
 m - a +3 ring of strength {unknown}
Wands
 q - a wand of scattershot (7)
Scrolls
 c - 2 scrolls of fog {unknown}
 e - a scroll of amnesia {unknown}
 g - a scroll of remove curse {unknown}
 h - 4 scrolls of fear {unknown}
 i - a scroll of enchant armour {unknown}
 o - a scroll of immolation {unknown}
Potions
 j - 2 potions of flight {unknown}
 k - a potion of might {unknown}
 n - 3 potions of lignification {unknown}
 p - a potion of curing {unknown}
Comestibles
 d - 3 rations


   Skills:
 + Level 4.9 Fighting
 + Level 1.7 Short Blades
 + Level 4.9 Long Blades
 + Level 1.7 Axes
 + Level 1.7 Maces & Flails
 + Level 1.7 Polearms
 + Level 1.7 Staves
 + Level 1.7 Slings
 + Level 1.7 Bows
 + Level 1.7 Crossbows
 + Level 1.7 Throwing
 + Level 3.1 Armour
 + Level 4.9 Dodging
 + Level 1.7 Stealth
 + Level 1.7 Shields
 + Level 1.7 Unarmed Combat
 + Level 5.2 Spellcasting
 + Level 1.3 Conjurations
 + Level 1.3 Hexes
 + Level 5.6 Charms
 + Level 1.3 Summonings
 + Level 1.3 Necromancy
 + Level 1.3 Translocations
 + Level 1.3 Transmutations
 + Level 1.3 Fire Magic
 + Level 1.3 Ice Magic
 + Level 1.3 Air Magic
 + Level 1.3 Earth Magic
 + Level 1.3 Poison Magic
 + Level 1.9 Invocations
 + Level 1.7 Evocations


You had 7 spell levels left.
You knew the following spells:

 Your Spells              Type           Power        Failure   Level  Hunger
a - Infusion              Chrm           ###.         1%          1    None
b - Song of Slaying       Chrm           ###.....     2%          2    #......
c - Shroud of Golubria    Chrm/Tloc      ###...       7%          2    #......
d - Ozocubu's Armour      Chrm/Ice       ###.....     13%         3    ###....

Your spell library contained the following spells:

 Spells                   Type           Power        Failure   Level  Hunger
 Spectral Weapon          Hex/Chrm       ###.....     13%         3    ###....


Dungeon Overview and Level Annotations

Branches:
Dungeon (3/15)

Altars:


Innate Abilities, Weirdness & Mutations

Your experience applies equally to all skills.
You have very sharp teeth.
Your uncanny sense of smell can sniff out nearby items.


Message History

The orc priest misses you.
You completely miss the orc priest.
The orc priest is heavily wounded.
The orc misses you.
The orc priest closely misses you. x2; You riposte.
You slash the orc priest!
The orc priest is heavily wounded.
You hit the orc priest but do no damage.
The orc priest is heavily wounded.
The orc hits you but does no damage.
The orc priest calls down the wrath of Beogh upon you.
Beogh smites you!
* * * LOW HITPOINT WARNING * * *
The orc priest hits you but does no damage.
You closely miss the orc priest.
The orc priest is heavily wounded.
The orc hits you with a +0 hand axe.
* * * LOW HITPOINT WARNING * * *
The orc priest hits you but does no damage.
The orc priest hits you with a +0 dagger.
You die...

........##...##.....# ##..
....................####...
.>........#.........#))(...
........#...........(.###..
.....................## ###
.......###..........##
....... ##..........#
....... ##o.......#.#
.....o. #@o.......#.#
.....oo #.o.......#.###
....... #.............#
....... ##.........##.....
#..........# ##.##
#..######### . ####


You could see 2 orc priests and an orc.

Vanquished Creatures
  A bullfrog zombie (D:3)
  Natasha (twice) (D:3)
  Robin (D:2)
  4 adders (D:2)
  A shadow imp (D:3)
  An ooze (D:2)
  3 worms
  A dart slug (D:1)
  A leopard gecko (D:3)
  3 orcs (D:3)
  A ball python (D:2)
  5 bats
  2 giant cockroaches (D:2)
  17 goblins
  16 hobgoblins
  4 frilled lizards
  5 kobolds
  9 rats
77 creatures vanquished.

Notes
Turn   | Place    | Note
-------+----------+-------------------------------------------
     0 | D:1      | NeededCrab the Gnoll Skald began the quest for the Orb.
     0 | D:1      | Reached XP level 1. HP: 20/20 MP: 6/6
   159 | D:1      | Reached XP level 2. HP: 26/26 MP: 7/7
   163 | D:1      | Learned a level 2 spell: Song of Slaying
   166 | D:1      | Learned a level 2 spell: Shroud of Golubria
   868 | D:1      | Reached XP level 3. HP: 25/31 MP: 0/9
  1000 | D:2      | Reached skill level 5 in Spellcasting
  1006 | D:2      | Learned a level 3 spell: Ozocubu's Armour
  1085 | D:2      | Noticed Robin
  1189 | D:2      | Reached skill level 1 in Invocations
  1197 | D:2      | Killed Robin
  1197 | D:2      | Reached skill level 1 in Short Blades
  1197 | D:2      | Reached skill level 1 in Axes
  1197 | D:2      | Reached skill level 1 in Maces & Flails
  1197 | D:2      | Reached skill level 1 in Polearms
  1197 | D:2      | Reached skill level 1 in Staves
  1197 | D:2      | Reached skill level 1 in Slings
  1197 | D:2      | Reached skill level 1 in Bows
  1197 | D:2      | Reached skill level 1 in Crossbows
  1197 | D:2      | Reached skill level 1 in Throwing
  1197 | D:2      | Reached skill level 1 in Stealth
  1197 | D:2      | Reached skill level 1 in Shields
  1197 | D:2      | Reached skill level 1 in Unarmed Combat
  1197 | D:2      | Reached skill level 1 in Evocations
  1197 | D:2      | Reached XP level 4. HP: 34/38 MP: 0/11
  1475 | D:2      | Reached skill level 1 in Conjurations
  1475 | D:2      | Reached skill level 1 in Hexes
  1475 | D:2      | Reached skill level 1 in Summonings
  1475 | D:2      | Reached skill level 1 in Necromancy
  1475 | D:2      | Reached skill level 1 in Translocations
  1475 | D:2      | Reached skill level 1 in Transmutations
  1475 | D:2      | Reached skill level 1 in Fire Magic
  1475 | D:2      | Reached skill level 1 in Ice Magic
  1475 | D:2      | Reached skill level 1 in Air Magic
  1475 | D:2      | Reached skill level 1 in Earth Magic
  1475 | D:2      | Reached skill level 1 in Poison Magic
  1817 | D:2      | Reached XP level 5. HP: 43/43 MP: 6/12
  2590 | D:3      | Noticed Natasha
  2599 | D:3      | Killed Natasha
  2618 | D:3      | Noticed Natasha
  2634 | D:3      | Killed Natasha
  2634 | D:3      | Reached XP level 6. HP: 27/50 MP: 1/13
  2938 | D:3      | HP: 2/50 [orc/+0 hand axe (2)]
  2938 | D:3      | Slain by an orc priest

Levels and vault maps discovered:
D:1:      dpeg_arrival_simpleton_b, layout_loops_ring
D:2:      layout_loops_ring, minmay_quadrilaterals, uniq_robin
D:3:      layout_rooms, uniq_natasha

Skill      XL: |  1  2  3  4  5 |
---------------+----------------+-----
Spellcasting   | 5 |  5.2
Invocations    | 1 |  1.9
Short Blades   | 1 |  1.7
Axes           | 1 |  1.7
Maces & Flails | 1 |  1.7
Polearms       | 1 |  1.7
Staves         | 1 |  1.7
Slings         | 1 |  1.7
Bows           | 1 |  1.7
Crossbows      | 1 |  1.7
Throwing       | 1 |  1.7
Stealth        | 1 |  1.7
Shields        | 1 |  1.7
Unarmed Combat | 1 |  1.7
Evocations     | 1 |  1.7
Conjurations   | 1 |  1.3
Hexes          | 1 |  1.3
Summonings     | 1 |  1.3
Necromancy     | 1 |  1.3
Translocations | 1 |  1.3
Transmutations | 1 |  1.3
Fire Magic     | 1 |  1.3
Ice Magic      | 1 |  1.3
Air Magic      | 1 |  1.3
Earth Magic    | 1 |  1.3
Poison Magic   | 1 |  1.3
Armour         | 3 |  3.1
Fighting       | |  4.9
Long Blades    | |  4.9
Dodging        | |  4.9
Charms         | |  5.6

Action                   |  1- 3 |  4- 6 || total
-------------------------+-------+-------++-------
Melee: Falchion          |    68 |   130 ||   198
       Bite              |     5 |    16 ||    21
 Cast: Infusion          |    14 |     7 ||    21
       Song of Slaying   |     5 |     2 ||     7
       Shroud of Golubri |     3 |    12 ||    15
       Ozocubu's Armour  |     1 |     8 ||     9
 Stab: Sleeping          |     1 |     1 ||     2
  Eat: Chunk             |     1 |     6 ||     7
Armor: Leather armour    |    15 |    29 ||    44
Dodge: Dodged            |    46 |   107 ||   153
       Rpst.: Falchion   |    24 |    41 ||    65

Table legend:
 A = Non-vault XP
 B = Vault XP
 C = Vault XP percentage of total XP
 D = Non-vault monster count
 E = Vault monster count
 F = Vault count percentage of total count
                 A         B        C        D         E       F
            +---------+---------+-------+---------+---------+-------
      Total |     258 |      77 |  23.0 |      62 |      15 |  19.5
            +---------+---------+-------+---------+---------+-------
        D:1 |      35 |       0 |   0.0 |      21 |       0 |   0.0
        D:2 |      93 |      39 |  29.5 |      24 |      13 |  35.1
        D:3 |     130 |      38 |  22.6 |      17 |       2 |  10.5
            +---------+---------+-------+---------+---------+-------
